 Dungeon Crawl Stone Soup version 0.20.1-1-g8b1a95d (webtiles) character file.

21357 vomix the Severer (level 12, -2/124 HPs)
             Began as a Minotaur Berserker on Aug 10, 2017.
             Was a High Priest of Trog.
             Slain by a spiny frog (12 damage)
             ... on level 3 of the Lair of Beasts.
             The game lasted 00:26:18 (12376 turns).

vomix the Severer (Minotaur Berserker)             Turns: 12376, Time: 00:26:19

Health: -2/124     AC: 22    Str: 22    XL:     12   Next: 53%
Magic:  11/11      EV:  7    Int:  7    God:    Trog [*****.]
Gold:   765        SH:  0    Dex: 15    Spells: 11/11 levels left

rFire    . . .     SeeInvis .   F - +1 battleaxe of the Everdark {protect, rPois MR+ Int+3}
rCold    + . .     Gourm    .   (shield currently unavailable)
rNeg     . . .     Faith    .   J - +0 plate armour
rPois    +         Spirit   .   y - +1 hat
rElec    .         Reflect  .   I - +2 cloak
rCorr    .         Harm     .   (no gloves)
MR       ++...                  (no boots)
Stlth    ..........             (no amulet)
Regen    0.3/turn               B - ring of protection from magic
MPRegen  0.2/turn               u - ring of protection from cold

@: protection aura, berserk cooldown, hasted and slowed
A: retaliatory headbutt, horns 2
a: Berserk, Trog's Hand, Brothers in Arms, Burn Spellbooks, Renounce Religion


You were on level 3 of the Lair of Beasts.
You worshipped Trog.
Trog was extremely pleased with you.
You were hungry.

You visited 3 branches of the dungeon, and saw 14 of its levels.

You collected 765 gold pieces.

Inventory:

Hand Weapons
 h - a +4 antimagic broad axe
 F - the +1 battleaxe of the Everdark (weapon) {protect, rPois MR+ Int+3}
   (Trog gifted it to you on level 10 of the Dungeon)

   It protects the one who uses it against injury (+AC on strike).
   It affects your intelligence (+3).
   It protects you from poison.
   It affects your resistance to hostile enchantments.
Armour
 j - a +1 chain mail of fire resistance
 s - the +4 ring mail "Qeclin" {+Fly rN++}
   (You found it on level 4 of the Dungeon)

   It greatly protects you from negative energy.
   It lets you fly.
 y - a +1 hat (worn)
 I - a +2 cloak (worn)
 J - a +0 plate armour (worn)
Jewellery
 f - an uncursed ring of flight
 u - a ring of protection from cold (right hand)
 v - an uncursed ring of resist corrosion
 B - a ring of protection from magic (left hand)
Wands
 e - a wand of polymorph (6/24)
 l - a wand of paralysis (8/24)
 x - a wand of lightning (2/15)
 P - a wand of acid (1/15)
Scrolls
 a - 2 scrolls of blinking {unknown}
 b - 3 scrolls of fog
 c - 3 scrolls of remove curse
 d - 3 scrolls of enchant weapon
 g - 4 scrolls of fear
 p - 2 scrolls of recharging
 q - 2 scrolls of teleportation
 t - 3 scrolls of magic mapping {unknown}
 w - a scroll of enchant armour {unknown}
 A - 2 scrolls of summoning {unknown}
 G - a scroll of vulnerability {unknown}
 K - a scroll of immolation {unknown}
Potions
 i - 8 potions of curing
 k - 2 potions of lignification {unknown}
 n - 2 potions of haste
 o - a potion of might {unknown}
 r - 2 potions of resistance {unknown}
 z - a potion of mutation {unknown}
 C - 3 potions of ambrosia {unknown}
 L - a potion of flight {unknown}
 M - a potion of degeneration {unknown}
 N - a potion of magic {unknown}
 Q - a potion of brilliance {unknown}
Comestibles
 m - 3 bread rations
 D - 8 meat rations
 E - 4 royal jellies
 H - 18 fruits
 R - 8 chunks of flesh


   Skills:
 + Level 16.8 Fighting
 + Level 17.0 Axes
 - Level 2.4 Armour
 - Level 2.1 Dodging


You had 11 spell levels left.
You didn't know any spells.

Dungeon Overview and Level Annotations

Branches:
Dungeon (10/15)            Temple (1/1) D:5            Lair (3/6) D:8
  Swamp (0/4) Lair:3       Spider (0/4) Lair:2          Orc (0/2) D:10

Altars:
Ashenzari
Cheibriados
Dithmenos
Elyvilon
Fedhas
Gozag
Hepliaklqana
Kikubaaqudgha
Makhleb
Nemelex Xobeh
Okawaru
Qazlal
Ru
Sif Muna
Trog
Uskayaw
Vehumet
Xom
Yredelemnul
Zin
The Shining One

Annotations:
D:10 Urug


Innate Abilities, Weirdness & Mutations

You reflexively headbutt those who attack you in melee.
You have a pair of horns on your head.


Message History

Your plate armour prevents you from hitting the spiny frog.
You headbutt the spiny frog, but do no damage.
The spiny frog barely misses you. You furiously retaliate!
You headbutt the spiny frog, but do no damage.
You hit the spiny frog but do no damage.
Your weapon exudes an aura of protection.
The spiny frog stings you!
* * * LOW HITPOINT WARNING * * *
The spiny frog stings you!
* * * LOW HITPOINT WARNING * * *
You slash the spiny frog!
The spiny frog is heavily wounded.
The spiny frog stings you!
* * * LOW HITPOINT WARNING * * *
You feel yourself speed up.
The spiny frog stings you but does no damage.
The spiny frog stings you!
* * * LOW HITPOINT WARNING * * *
You feel better. The spiny frog stings you!
You die...

#. #....# .# #..
#P..## ##..
##...#
#P.###...###
###.##.#....#
#................
#................
##..F#....#.#...#
##@##...#####..#
#%##...# ..#
♣§♣♣...# ..
§§≈♣♣..# ♣§§≈≈
... ≈≈ §≈>≈≈♣ .≈≈
♣♣§§≈§♣ .≈≈
♣≈♣§♣♣ ..≈ ♣♣ ♣♣
#≈≈


You could see a spiny frog.

Vanquished Creatures
  Fannar (Lair:2)
  Harold (Lair:2)
  A hydra (Lair:1)
  Erica (Lair:2)
  A two-headed ogre (D:8)
  An ugly thing (D:8)
  Maurice (D:8)
  A black mamba (Lair:2)
  5 spiny frogs
  2 komodo dragons
  A rime drake (Lair:2)
  5 blink frogs (Lair:2)
  A polar bear (Lair:2)
  3 tyrant leeches (Lair:3)
  7 hippogriffs
  7 spriggans (D:8)
  A redback (Lair:2)
  11 yaks
  2 basilisks (Lair:3)
  Menkaure (D:7)
  5 swamp worms
  Edmund (D:5)
  Duvessa (D:7)
  8 water moccasins
  2 hell hounds (D:8)
  6 porcupines
  3 orc warriors
  5 sky beasts
  2 black bears
  2 ice beasts
  2 phantoms
  2 eyes of draining (D:9)
  A necrophage (D:9)
  7 ogres
  2 centaurs
  7 crocodiles
  11 bullfrogs
  2 gnoll sergeants
  Dowan (D:7)
  3 scorpions
  5 killer bees (D:9)
  3 howler monkeys
  4 crimson imps
  A bullfrog zombie (D:8)
  2 centaur zombies
  6 orc priests
  3 hounds
  3 jellies
  8 orc wizards
  2 bullfrog skeletons
  3 centaur skeletons
  2 iguanas
  Terence (D:2)
  Ijyb (D:5)
  4 worker ants
  A killer bee zombie (D:9)
  A hound skeleton (D:4)
  A hound zombie (D:8)
  2 worker ant zombies
  15 adders
  12 gnolls
  A shadow imp (D:5)
  An adder zombie (D:6)
  An adder skeleton (D:9)
  17 worms
  4 dart slugs
  A leopard gecko (D:1)
  46 orcs
  9 bats
  6 giant cockroaches
  7 goblins
  4 hobgoblins
  5 jackals
  4 quokkas
  2 ball pythons
  7 frilled lizards
  A jackal zombie (D:6)
  8 kobolds
  2 leopard gecko zombies
  A quokka skeleton (D:8)
  A quokka zombie (D:6)
  9 rats
  3 plants (Lair:1)
347 creatures vanquished.

Vanquished Creatures (collateral kills)
  4 blink frogs (Lair:1)
4 creatures vanquished.

Vanquished Creatures (others)
  A fungus (Lair:3)
1 creature vanquished.

Grand Total: 352 creatures vanquished

Notes
Turn   | Place    | Note
-------+----------+-------------------------------------------
     0 | D:1      | vomix the Minotaur Berserker began the quest for the Orb.
     0 | D:1      | Reached XP level 1. HP: 19/19 MP: 0/0
    74 | D:1      | Reached XP level 2. HP: 24/27 MP: 1/1
   111 | D:1      | Reached skill level 4 in Axes
   372 | D:2      | Noticed Terence
   377 | D:2      | Killed Terence
   377 | D:2      | Reached XP level 3. HP: 34/34 MP: 2/2
   425 | D:2      | Reached ** piety under Trog
   454 | D:2      | Reached skill level 5 in Fighting
   454 | D:2      | Reached XP level 4. HP: 37/42 MP: 3/3
   825 | D:2      | Reached skill level 5 in Axes
   970 | D:2      | Reached XP level 5. HP: 44/48 MP: 4/4
  1618 | D:3      | Reached *** piety under Trog
  1720 | D:3      | Reached skill level 6 in Axes
  2343 | D:4      | Reached XP level 6. HP: 57/57 MP: 5/5
  2560 | D:4      | Got a warped ring mail
  2591 | D:4      | Identified the +4 ring mail "Qeclin" {+Fly rN++} (You found it on level 4 of the Dungeon)
  2922 | D:5      | Entered Level 5 of the Dungeon
  2934 | D:5      | Reached skill level 7 in Axes
  3281 | D:5      | Noticed a sky beast
  3329 | D:5      | Killed a sky beast
  3329 | D:5      | Reached XP level 7. HP: 43/66 MP: 6/6
  3468 | D:5      | Noticed Edmund
  3471 | D:5      | Noticed Ijyb
  3478 | D:5      | Killed Edmund
  3480 | D:5      | Reached **** piety under Trog
  3480 | D:5      | Reached skill level 8 in Axes
  3482 | D:5      | Killed Ijyb
  3534 | D:5      | Reached XP level 8. HP: 54/75 MP: 7/7
  3592 | D:5      | Reached skill level 9 in Axes
  4057 | D:5      | Found an opulent altar of Gozag.
  4266 | D:5      | Found a staircase to the Ecumenical Temple.
  4447 | Temple   | Entered the Ecumenical Temple
  4514 | D:6      | Found a shadowy altar of Dithmenos.
  4607 | D:6      | Reached skill level 10 in Axes
  4671 | D:6      | Reached skill level 10 in Fighting
  5030 | D:6      | Reached ***** piety under Trog
  5588 | D:7      | Reached XP level 9. HP: 80/86 MP: 8/8
  5605 | D:7      | Noticed Duvessa
  5607 | D:7      | Noticed Dowan
  5613 | D:7      | Killed Duvessa
  5616 | D:7      | Killed Dowan
  5647 | D:7      | Reached skill level 11 in Axes
  5860 | D:7      | Noticed Menkaure
  5864 | D:7      | Killed Menkaure
  6092 | D:8      | Noticed a two-headed ogre
  6102 | D:8      | Killed a two-headed ogre
  6102 | D:8      | Reached skill level 12 in Axes
  6322 | D:8      | Reached XP level 10. HP: 97/97 MP: 9/9
  6579 | D:8      | Noticed a red ugly thing
  6588 | D:8      | Killed a red ugly thing
  6631 | D:8      | Found a staircase to the Lair.
  6636 | D:8      | Noticed Maurice
  6713 | D:8      | Killed Maurice
  6713 | D:8      | Reached skill level 13 in Axes
  7293 | D:9      | Found an iron altar of Okawaru.
  7297 | D:9      | Found a glowing silver altar of Zin.
  7493 | D:9      | Reached skill level 14 in Axes
  8324 | D:10     | Entered Level 10 of the Dungeon
  8342 | D:10     | Received a gift from Trog
  8343 | D:10     | Noticed Urug
  8611 | D:10     | Got a faintly glowing battleaxe {god gift}
  8614 | D:10     | Identified the +1 battleaxe of the Everdark {protect, rPois MR+ Int+3} (Trog gifted it to you on level 10 of the Dungeon)
  8657 | D:10     | Reached XP level 11. HP: 90/110 MP: 10/10
  9071 | D:10     | Found a staircase to the Orcish Mines.
  9360 | Lair:1   | Entered Level 1 of the Lair of Beasts
  9366 | Lair:1   | Noticed a four-headed hydra
  9379 | Lair:1   | Killed a ten-headed hydra
  9814 | Lair:1   | Reached skill level 15 in Axes
 10645 | Lair:1   | Reached skill level 15 in Fighting
 10832 | Lair:2   | Received a gift from Trog
 10929 | Lair:2   | Noticed Fannar
 10930 | Lair:2   | Noticed Harold
 10946 | Lair:2   | Killed Fannar
 10946 | Lair:2   | Received a gift from Trog
 10946 | Lair:2   | Reached skill level 16 in Axes
 10951 | Lair:2   | Killed Harold
 10951 | Lair:2   | Reached XP level 12. HP: 88/122 MP: 11/11
 11135 | Lair:2   | Found a hole to the Spider Nest.
 11665 | Lair:2   | Noticed Erica
 11680 | Lair:2   | Killed Erica
 12342 | Lair:3   | Found a staircase to the Swamp.
 12355 | Lair:3   | Reached skill level 17 in Axes
 12375 | Lair:3   | HP: 3/124 [spiny frog (15)]
 12376 | Lair:3   | Slain by a spiny frog

Skill      XL: |  1  2  3  4  5  6  7  8  9 10 11 12 |
---------------+-------------------------------------+-----
Fighting       | 4 5 6 7 8 10 12 14 15 16 | 16.8
Axes           | 4 5 6 7 8 10 12 14 16 17 | 17.0
Armour         | |  2.4
Dodging        | |  2.1

Action                   |  1- 3 |  4- 6 |  7- 9 | 10-12 || total
-------------------------+-------+-------+-------+-------++-------
Melee: Hand axe          |    43 |    90 |       |       ||   133
       Headbutt          |     9 |    32 |    33 |   118 ||   192
       War axe           |       |    70 |   195 |   210 ||   475
       Battleaxe         |       |       |       |   341 ||   341
Invok: Berserk           |     1 |     2 |     7 |    10 ||    20
       Burn Spellbooks   |       |       |     1 |       ||     1
       Trog's Hand       |       |       |     1 |     5 ||     6
       Brothers in Arms  |       |       |       |     1 ||     1
Evoke: Wand              |       |       |       |     2 ||     2
  Use: Scroll            |       |       |     9 |     5 ||    14
       Potion            |       |       |       |     7 ||     7
  Eat: Chunk             |       |     5 |     9 |    22 ||    36
       Bread ration      |       |     1 |     1 |     1 ||     3
       Fruit             |       |     1 |       |       ||     1
       Royal jelly       |       |       |     1 |       ||     1
       Meat ration       |       |       |       |     1 ||     1
Armor: Chain mail        |    26 |    74 |       |       ||   100
       Ring mail         |       |    11 |    58 |    20 ||    89
       Plate armour      |       |       |       |   314 ||   314
Dodge: Dodged            |    34 |    61 |    98 |   179 ||   372
